 Dungeon Crawl Stone Soup version 0.30.0-10-gfe55d96785 (webtiles) character file.

Game seed: 17346833198314134070

114 cheesebisquit the Ruffian (level 4, -3/42 HPs)
             Began as a Troll Gladiator on May 14, 2023.
             Slain by a gnoll
             ... wielding a +0 spear
             ... led by a gnoll bouda
              (5 damage)
             ... on level 4 of the Dungeon.
             The game lasted 00:04:55 (2120 turns).

cheesebisquit the Ruffian (Troll Gladiator)         Turns: 2120, Time: 00:04:56

Health: -3/42      AC:  4    Str: 21 (24) XL:     4   Next: 67%
Magic:  3/3        EV: 10    Int:  1 (4)  God:
Gold:   174        SH:  0    Dex:  8 (11) Spells: 3/3 levels left

rFire   . .          .
                       - Unarmed
rCold   . . .        (no shield)
rNeg    . . .        a - +0 robe
rPois   .            b - +0 hat
rElec   .            (no cloak)
rCorr   .            (gloves unavailable)
SInv    .            (boots unavailable)
Will    .....        (no amulet)
Stlth   +            (no ring)
HPRegen 1.07/turn    (no ring)
MPRegen 0.08/turn

%: no passive effects
@: brilliant, attractive
A: large, unfitting armour, claws 3, regeneration 1, shaggy fur 1, tough skin 1
a: no special abilities


You were on level 4 of the Dungeon.
You visited 1 branch of the dungeon, and saw 4 of its levels.

You collected 174 gold pieces.

Inventory:

Missiles
 c - 2 throwing nets (quivered)
 d - a large rock
 e - 14 stones
 k - 2 poisoned darts
Armour
 a - a +0 robe (worn)
 b - a +0 hat (worn)
Scrolls
 f - a scroll of teleportation {unknown}
 g - 2 scrolls of vulnerability {unknown}
 h - 2 scrolls of immolation {unknown}
 m - a scroll of amnesia {unknown}
 n - a scroll of magic mapping {unknown}
 p - 2 scrolls of identify {unknown}
 r - a scroll of poison {unknown}
Potions
 o - a potion of brilliance
 q - a potion of might {unknown}


   Skills:
 + Level 2.3 Fighting
 + Level 2.3 Throwing
 + Level 2.7 Dodging
 + Level 0.8 Stealth
 * Level 4.0 Unarmed Combat


You had 3 spell levels left.
You didn't know any spells.
Your spell library was empty.

Dungeon Overview and Level Annotations

Branches:
Dungeon (4/15)
 Temple: D:4-7

Altars:
Gozag

Shops:
D:1 (


Innate Abilities, Weirdness & Mutations

You are too large for most types of armour.
You have claws for hands.
Your natural rate of healing is unusually fast.
You are covered in fur. (AC +1)
You have tough skin. (AC +1)


Message History

The gnoll bouda is moderately wounded.
The gnoll barely misses you.
The gnoll bouda hits you with a +0 whip!
You scratch the gnoll bouda but do no damage.
The gnoll bouda is moderately wounded.
The gnoll hits you from afar with a +0 spear.
The gnoll bouda hits you with a +0 whip!
You scratch the gnoll bouda.
You claw the gnoll bouda, but do no damage.
The gnoll bouda is severely wounded.
You hear a shout!
The gnoll hits you from afar with a +0 spear.
The gnoll bouda barks out a call to the hunt!
You closely miss the gnoll bouda.
The gnoll bouda is severely wounded.
The gnoll completely misses you. The gnoll bouda barely misses you.
You claw the gnoll bouda!
You kill the gnoll bouda!
The gnoll hits you from afar with a +0 spear.
* * * LOW HITPOINT WARNING * * *
Your Unarmed Combat skill increases to level 4!
Okay, then.
It was a potion of brilliance.
You feel clever all of a sudden.
The gnoll is no longer moving quickly.
The gnoll closely misses you. The gnoll hits you with a +0 halberd!
* * * LOW HITPOINT WARNING * * *
It was a potion of degeneration.
There was something very wrong with that liquid.
You feel weakened.
You feel dopey.
You feel clumsy.
The gnoll hits you from afar with a +0 spear.
* * * LOW HITPOINT WARNING * * *
The gnoll misses you.
It was a potion of curing.
You feel better. The gnoll barely misses you.
The gnoll hits you with a +0 halberd!
* * * LOW HITPOINT WARNING * * *
It was a potion of attraction.
You feel attractive to monsters.
The gnoll hits you from afar with a +0 spear.
You die...

+....#...#....#
#....+...#....#
.g.#....#..#####.#
.g.#....#..#.....#
#.g#....#..#.....#
#.g#....#..#.....#
#.g#....##'#.....####
#..#.............#...
#..#@............#...
#.gg.............#...
####.............##'#
.......######'#....
........#......#....
#............#......#....
#............##.#####....
#......########.#########
#......#......)).......


You could see 2 gnolls.

Vanquished Creatures
  A gnoll bouda (D:4)
  2 adders (D:2)
  A worm (D:2)
  A dart slug (D:1)
  3 orcs (D:3)
  2 ball pythons
  7 endoplasms
  3 giant cockroaches
  6 goblins
  9 hobgoblins
  4 jackals (D:3)
  2 quokkas
  3 bats
  A frilled lizard (D:1)
  2 kobolds
  6 rats
53 creatures vanquished.

Notes
Turn   | Place    | Note
-------+----------+-------------------------------------------
     0 | D:1      | cheesebisquit the Troll Gladiator began the quest for the
                  | Orb.
     0 | D:1      | Reached XP level 1. HP: 19/19 MP: 0/0
   109 | D:1      | Reached XP level 2. HP: 28/28 MP: 1/1
   185 | D:1      | Found Gadwaj's Antique Weapon Emporium.
   944 | D:2      | Reached XP level 3. HP: 27/35 MP: 2/2
  1457 | D:3      | Found an opulent altar of Gozag.
  1773 | D:3      | Reached XP level 4. HP: 42/42 MP: 3/3
  2117 | D:4      | Reached skill level 4 in Unarmed Combat
  2117 | D:4      | HP: 2/42 [gnoll/+0 halberd[a gnoll bouda] (10)]
  2120 | D:4      | Slain by a gnoll

Illustrated notes

Levels and vault maps discovered:
D:1:      dpeg_arrival_lava_temple_mockup, layout_loops_ring, serial_shops,
          nicolae_shop_scrapyard, glass_columns_a
D:2:      layout_rooms, grunt_decor_resistance
D:3:      layout_loops_ring, lemuel_doored_altar
D:4:      layout_gridville, uniq_robin

Skill      XL: |  1  2  3  4 |
---------------+-------------+-----
Throwing       | 2 |  2.3
Fighting       | 2 |  2.3
Unarmed Combat | 4 |  4.0
Dodging        | |  2.7
Stealth        | |  0.8

Action                     |  1- 3 |  4- 6 || total
---------------------------+-------+-------++-------
  Melee: Unarmed           |    90 |    30 ||   120
         Punch             |     3 |     2 ||     5
  Throw: Throwing net      |     2 |       ||     2
    Use: Potion            |       |     4 ||     4
   Stab: Sleeping          |     1 |       ||     1
 Armour: Robe              |    32 |     5 ||    37
  Dodge: Dodged            |    34 |    20 ||    54
